 Dungeon Crawl Stone Soup version 0.22-a0-305-gd21a89c (webtiles) character file.

290 RoseArtemis the Chopper (level 6, -3/55 HPs)
             Began as a Minotaur Fighter on Mar 29, 2018.
             Was a Follower of Okawaru.
             Slain by a slave (5 damage)
             ... led by Pikel
             ... on level 4 of the Dungeon.
             The game lasted 00:10:32 (2504 turns).

RoseArtemis the Chopper (Minotaur Fighter)          Turns: 2504, Time: 00:10:33

Health: -3/55      AC:  9    Str: 21    XL:     6   Next: 9%
Magic:  5/5        EV:  7    Int:  6    God:    Okawaru [*.....]
Gold:   144        SH: 10    Dex: 10    Spells: 5/5 levels left

rFire    . . .     SeeInvis .   a - +0 war axe
rCold    . . .     Gourm    .   c - +0 shield
rNeg     . . .     Faith    .   b - +0 scale mail
rPois    .         Spirit   .   (helmet restricted)
rElec    .         Reflect  .   (no cloak)
rCorr    .         Harm     .   i - +1 pair of gloves
MR       .....                  (no boots)
Stlth    ..........             (no amulet)
HPRegen  0.18/turn              (no ring)
MPRegen  0.09/turn              (no ring)

@: no status effects
A: retaliatory headbutt, horns 2
a: Heroism, Renounce Religion


You were on level 4 of the Dungeon.
You worshipped Okawaru.
Okawaru was aware of your devotion.
You were not hungry.

You visited 2 branches of the dungeon, and saw 6 of its levels.

You collected 144 gold pieces.

Inventory:

Hand Weapons
 a - a +0 war axe (weapon)
Armour
 b - a +0 scale mail (worn)
 c - a +0 shield (worn)
 i - a +1 pair of gloves (worn)
Jewellery
 r - an uncursed amulet of rage {unknown}
Scrolls
 g - 2 scrolls of immolation {unknown}
 h - a scroll of magic mapping
 k - a scroll of remove curse
 l - a scroll of teleportation
 o - a scroll of fear {unknown}
 q - a scroll of fog {unknown}
 s - a scroll of identify
Potions
 d - a potion of might
 j - 2 potions of flight {unknown}
 n - 2 potions of curing {unknown}
 p - a potion of brilliance {unknown}
Comestibles
 f - 12 rations


   Skills:
 + Level 4.9 Fighting
 * Level 5.2 Axes
 + Level 4.8 Armour
 + Level 4.9 Shields


You had 5 spell levels left.
You didn't know any spells.

Dungeon Overview and Level Annotations

Branches:
Dungeon (5/15)             Temple (1/1) D:4

Altars:
Dithmenos
Elyvilon
Fedhas
Makhleb
Nemelex Xobeh
Okawaru
Ru
Sif Muna
Trog
Vehumet
Wu Jian
Xom
Yredelemnul
Zin
Lugonu

Annotations:
D:4 Pikel


Innate Abilities, Weirdness & Mutations

You reflexively headbutt those who attack you in melee.
You have a pair of horns on your head.


Message History

The gnoll is heavily wounded.
The gnoll hits you but does no damage.
You hit the gnoll.
The gnoll is severely wounded.
You barely miss the slave.
The phantom blinks!
You block the gnoll's attack. The slave hits you.
* * * LOW HITPOINT WARNING * * *
You hit the gnoll.
You kill the gnoll!
Okawaru accepts your kill.
You closely miss the slave. The slave hits you but does no damage.
You hit the gnoll.
The gnoll is severely wounded.
You closely miss the slave. The gnoll closely misses you.
You furiously retaliate!
You headbutt the gnoll!
You kill the gnoll!
Okawaru accepts your kill. You block the slave's attack.
The phantom blinks!
The slave hits you.
You die...

....###### ##.⌠.>.⌠..........
###....[.#######........########>
########............⌠...# #####.
.........##......................
.(..........#.##....#############
############.....#### # #
#....### #######..#########
#####........#..@pp.p#
.........###...#####.......
#####....###..## #####K.
....#....#....# ###.......W#.##
#####....###.# .........###.#
.####......#.# .####....#.#.#


You could see a phantom and 3 slaves.

Vanquished Creatures
  Eustachio (D:4)
  A worker ant (D:4)
  3 gnolls (D:4)
  5 adders
  An ooze (D:4)
  2 dart slugs (D:1)
  3 orcs
  3 goblins (D:1)
  7 hobgoblins
  5 kobolds
  A quokka (D:4)
  3 ball pythons
  7 bats
  4 frilled lizards
  A jackal skeleton (D:4)
  4 rats
51 creatures vanquished.

Vanquished Creatures (others)
  An orc (D:4)
  4 jackals (D:4)
  A quokka (D:4)
6 creatures vanquished.

Grand Total: 57 creatures vanquished

Notes
Turn   | Place    | Note
-------+----------+-------------------------------------------
     0 | D:1      | RoseArtemis the Minotaur Fighter began the quest for the Orb.
     0 | D:1      | Reached XP level 1. HP: 19/19 MP: 0/0
    85 | D:1      | Reached XP level 2. HP: 26/27 MP: 1/1
   196 | D:1      | Reached skill level 3 in Axes
   564 | D:1      | Reached XP level 3. HP: 33/33 MP: 2/2
   879 | D:2      | Found a basalt altar of Yredelemnul.
  1080 | D:2      | Found a sparkling altar of Nemelex Xobeh.
  1662 | D:3      | Found a radiant altar of Vehumet.
  1685 | D:3      | Found a glowing silver altar of Zin.
  1908 | D:3      | Found a faded altar of an unknown god.
  1932 | D:3      | Found a shimmering altar of Xom.
  1934 | D:3      | Found a shimmering altar of Xom.
  1935 | D:3      | Found a shimmering altar of Xom.
  1935 | D:3      | Found a shimmering altar of Xom.
  1936 | D:3      | Found a shimmering altar of Xom.
  1937 | D:3      | You fall through a shaft for 2 floors!
  1937 | D:5      | Entered Level 5 of the Dungeon
  2040 | D:4      | Found a staircase to the Ecumenical Temple.
  2064 | Temple   | Entered the Ecumenical Temple
  2103 | Temple   | Became a worshipper of Warmaster Okawaru
  2119 | D:4      | Reached skill level 4 in Axes
  2119 | D:4      | Reached XP level 4. HP: 40/40 MP: 3/3
  2176 | D:4      | Noticed Eustachio
  2210 | D:4      | Killed Eustachio
  2210 | D:4      | Reached * piety under Okawaru
  2210 | D:4      | Reached skill level 5 in Axes
  2210 | D:4      | Reached XP level 5. HP: 16/47 MP: 4/4
  2419 | D:4      | Noticed a phantom
  2452 | D:4      | Reached XP level 6. HP: 8/55 MP: 5/5
  2480 | D:4      | HP: 4/82 [gnoll/halberd (5)]
  2495 | D:4      | Noticed a slave
  2496 | D:4      | Noticed a slave
  2497 | D:4      | Noticed Pikel
  2497 | D:4      | Noticed a slave
  2501 | D:4      | HP: 2/55 [slave[Pikel] (4)]
  2504 | D:4      | Slain by a slave

Vault maps used:
D:1:      scummos_arrival_checkerplants, serial_park_tiny_1
D:2:      nicolae_overflow_crystal_walls, nemelex_xobeh_ov_fountains_minmay,
          first_ration, minmay_fountain_box, dk_vineyard_3
D:3:      vehumet_crystals, zin_statuary, xom_redecorated, old_standard_altar,
          chequers_ecumenical_altar_simple, glass_columns_b
D:4:      grunt_temple_overflow_open, temple_fountains, lemuel_old_faithful,
          uniq_ijyb, uniq_eustachio, uniq_pikel
D:5:      grunt_gozag_breadcrumbs
Temple:   corrupted_temple

Skill      XL: |  1  2  3  4 |
---------------+-------------+-----
Axes           | 3 4 5 |  5.2
Shields        | 4 |  4.9
Armour         | 4 |  4.8
Fighting       | 4 |  4.9

Action                   |  1- 3 |  4- 6 || total
-------------------------+-------+-------++-------
Melee: War axe           |   100 |    54 ||   154
       Headbutt          |     9 |    11 ||    20
Invok: Heroism           |       |     1 ||     1
  Use: Scroll            |     5 |       ||     5
       Potion            |       |     1 ||     1
  Eat: Chunk             |     4 |     1 ||     5
Armor: Scale mail        |    47 |    54 ||   101
       Skin              |       |     9 ||     9
Dodge: Dodged            |    40 |    26 ||    66
Block: Shield            |    50 |    54 ||   104

Table legend:
 A = Spawn XP
 B = Non-spawn XP
 C = Spawn XP percentage of total XP
 D = Spawn monster count
 E = Non-spawn monster count
 F = Spawn count percentage of total count
 G = Total turns spent on level
                    A         B        C        D         E        F      G
               +---------+---------+-------+---------+---------+-------+---------
         Total |       0 |     415 |   0.0 |       0 |      51 |   0.0 |  2504
               +---------+---------+-------+---------+---------+-------+---------
           D:1 |       0 |      41 |   0.0 |       0 |      23 |   0.0 |   719
           D:2 |       0 |      17 |   0.0 |       0 |       4 |   0.0 |   931
           D:3 |       0 |      16 |   0.0 |       0 |       8 |   0.0 |   287
           D:4 |       0 |     338 |   0.0 |       0 |      15 |   0.0 |   422
           D:5 |       0 |       3 |   0.0 |       0 |       1 |   0.0 |    92
               +---------+---------+-------+---------+---------+-------+---------
